 Dungeon Crawl Stone Soup version 0.28-a0-730-g892d06dc2c (webtiles) character file.

Game seed: 764615455264611751

7633 Woods the Martial Artist (level 11, -1/73 (77) HPs)
             Began as an Octopode Transmuter on Oct 28, 2021.
             Was a Follower of Dithmenos.
             Slain by a wight (10 damage)
             ... on level 9 of the Dungeon.
             The game lasted 00:31:44 (16706 turns).

Woods the Martial Artist (Octopode Transmuter)     Turns: 16706, Time: 00:31:45

HP:   -1/73 (77)    AC:  2    Str: 10    XL:     11   Next: 18%
MP:   19/20         EV: 27    Int: 16    God:    Dithmenos [*.....]
Gold: 178           SH:  5    Dex: 20    Spells: 10/22 levels left

rFire   . . .      SeeInvis .     - Unarmed
rCold   . . .      Faith    .   (shield currently unavailable)
rNeg    . . .      Spirit   .   (helmet currently unavailable)
rPois   x          Reflect  +   u - amulet of reflection
rElec   .          Harm     .   l - +4 ring of evasion
rCorr   .          Rampage  .   o - ring of willpower
Will    +....                   (no ring)
Stlth   +++++.....              (no ring)
HPRegen 0.22/turn               (no ring)
MPRegen 0.17/turn               (no ring)
                                (no ring)
                                (no ring)

@: spider-form (expiring), wreathed by umbra, drained
A: venomous fangs, almost no armour, (amphibious), 8 rings, tiny, (camouflage
1), (gelatinous body 1), (nimble swimmer 1), (tentacles)
a: End Transformation, Renounce Religion


You were on level 9 of the Dungeon.
You worshipped Dithmenos.
Dithmenos was aware of your devotion.
You were a venomous arachnid creature.
You visited 2 branches of the dungeon, and saw 11 of its levels.
You also visited: Bailey.

You collected 574 gold pieces.
You spent 396 gold pieces at shops.

Inventory:

Jewellery
 h - a ring of flight
 l - a +4 ring of evasion (left front leg)
 o - a ring of willpower (right front leg)
 u - an amulet of reflection (around neck)
 y - an amulet of the acrobat
 A - a ring of fire
Scrolls
 c - 2 scrolls of summoning
 d - 2 scrolls of blinking
 e - 4 scrolls of teleportation
 g - 3 scrolls of vulnerability
 i - a scroll of holy word
 j - 2 scrolls of magic mapping
 m - a scroll of immolation
 q - 3 scrolls of fear
 v - a scroll of acquirement {unknown}
 w - 2 scrolls of enchant armour
 B - a scroll of amnesia
Potions
 a - a potion of experience {unknown}
 b - 2 potions of cancellation
 k - a potion of magic {unknown}
 n - a potion of curing
 p - 2 potions of ambrosia
 r - 2 potions of might
 s - 2 potions of resistance
 t - a potion of mutation {unknown}
 x - 2 potions of flight
 z - a potion of attraction {unknown}
 C - a potion of brilliance {unknown}
Miscellaneous
 f - a phial of floods


   Skills:
 - Level 8.0 Fighting
 + Level 5.5 Dodging
 + Level 8.9 Stealth
 - Level 10.0 Unarmed Combat
 - Level 6.0 Spellcasting
 - Level 6.0 Transmutations


You had 10 spell levels left.
You knew the following spells:

 Your Spells              Type           Power      Damage    Failure   Level
a - Beastly Appendage     Tmut           48%        N/A       5%          1
b - Wereblood             Tmut           24%        N/A       8%          2
c - Spider Form           Tmut/Pois      7%         N/A       28%         3
d - Ice Form              Ice/Tmut       14%        N/A       58%         4
e - Passwall              Tmut/Erth      11%        N/A       17%         2

Your spell library contained the following spells:

 Spells                   Type           Power      Damage    Failure   Level
 Summon Small Mammal      Summ           16%        N/A       32%         1
 Ensorcelled Hibernation  Hex/Ice        8%         N/A       41%         2
 Poisonous Vapours        Pois/Air       8%         N/A       41%         2
 Blade Hands              Tmut           12%        N/A       54%         5
 Call Canine Familiar     Summ           4%         N/A       61%         3
 Confusing Touch          Hex            4%         N/A       61%         3
 Summon Guardian Golem    Hex/Summ       4%         N/A       61%         3
 Fireball                 Conj/Fire      2%         3d4       99%         5
 Starburst                Conj/Fire      2%         6d3       100%        6
 Ignition                 Fire           2%         3d3       100%        8


Dungeon Overview and Level Annotations

Branches:
Dungeon (10/15)            Temple (1/1) D:6            Lair (0/6) D:9
 Bailey (visited)
    Orc: D:9-12

Altars:
Ashenzari
Cheibriados
Dithmenos
Elyvilon
Fedhas
Gozag
Hepliaklqana
Kikubaaqudgha
Makhleb
Nemelex Xobeh
Okawaru
Qazlal
Ru
Sif Muna
Trog
Uskayaw
Vehumet
Wu Jian
Xom
Yredelemnul
Zin
The Shining One

Shops:
D:9 ?

Annotations:
D:3 2 transporters


Innate Abilities, Weirdness & Mutations

You are a venomous arachnid creature.
You have poisonous fangs.
You are tiny and dextrous.
Your spellcasting is less reliable in this form.
Your armour is entirely melded.
You are incapable of wielding weapons or throwing items.
You cannot wear most types of armour.
((You are amphibious.))
You can wear up to eight rings at the same time.
((Your skin changes colour to match your surroundings (Stealth+).))
((Your rubbery body absorbs attacks. (AC +1, EV +1)))
((You are camouflaged near water. (Stealth+)))
((You have tentacles for arms and can constrict up to eight enemies at once.))


Message History

You destroy the wight!
Dithmenos accepts your kill.
A wight comes into view. It is wielding a +0 flail.
Your transformation has ended.
The wight completely misses you. The wight hits you with a +0 dagger.
You feel drained.
Items here: )) [[ †.
You closely miss the wight. Your grab misses the wight.
You squeeze the wight, but do no damage.
The wight hits you with a +4 short sword!
The wight hits you with a +0 dagger.
* * * LOW HITPOINT WARNING * * *
Casting: Spider Form (dangerous; 12% risk of failure)
Confirm with . or Enter, or press ? or * to list all spells.
You turn into a venomous arachnid creature.
The wight completely misses you.
You bite the wight!
The wight is heavily damaged.
The wight hits you with a +4 short sword!
* * * LOW HITPOINT WARNING * * *
You feel drained.
* * * LOW HITPOINT WARNING * * *
You hit the wight but do no damage.
The wight is heavily damaged.
The wight completely misses you. The wight misses you.
There is a stone staircase leading up here.
The wight closely misses you.
You climb upwards.
Your transformation is almost over.
There is a stone staircase leading down here.
You hit the wight but do no damage.
The wight is moderately damaged.
The wight closely misses you.
You barely miss the wight.
The wight is moderately damaged.
You bite the wight!
The wight is almost destroyed.
The wight hits you with a +4 short sword!
You die...

#..............##########
#..............# #..............#
#..............##########
#######.....##...........
########## #.....##...........
.........# #).)..##...........
.........######.[)..##...........
.........##...).s...'............
.........##.###..z..##...........
.........+..# #.....##.........).
..^......#### #.....##...........
.........#### #.....##......8..).
#####.#.....# #.....####.........
#.##..#.######### #.8.....8.
#.#...........# #.........
#.#....###....# #.........


You could see a wight.

Vanquished Creatures
  A two-headed ogre (D:9)
  Pikel (D:7)
  A manticore (D:7)
  Psyche (D:9)
  A troll (D:9)
  Prince Ribbit (D:6)
  A wyvern (D:9)
  Sigmund (D:2)
  4 yaks (D:7)
  A steam dragon (D:6)
  2 vampire mosquitoes (D:10)
  A warg (D:9)
  Menkaure (D:7)
  2 acid dragons (D:10)
  3 ice beasts
  2 orc warriors
  A sky beast (D:7)
  A necrophage (D:8)
  2 ogres (D:7)
  5 centaurs
  2 lemures (D:7)
  A phantom (D:4)
  Blork the orc (D:4)
  A gnoll sergeant (D:6)
  A scorpion (D:5)
  3 bullfrogs
  A wyvern zombie (D:7)
  A wyvern skeleton (D:7)
  8 killer bees
  7 wights
  7 electric eels (D:7)
  A howler monkey (D:5)
  A centaur zombie (D:4)
  2 bullfrog skeletons
  A bullfrog zombie (D:5)
  4 hounds
  2 jellies (D:7)
  Crazy Yiuf (D:6)
  A gnoll shaman (D:9)
  2 orc priests (D:6)
  9 orc wizards
  2 centaur skeletons (D:6)
  4 iguanas
  3 howler monkey zombies
  12 gnolls
  6 adders
  A shadow imp (D:8)
  5 white imps
  An ufetubus (D:6)
  2 worms (D:3)
  29 orcs
  3 endoplasms
  2 giant cockroaches
  A gnoll zombie (D:6)
  5 goblins
  6 hobgoblins
  7 jackals
  8 kobolds
  4 quokkas
  2 ball pythons
  2 bats (D:1)
  9 rats
204 creatures vanquished.

Vanquished Creatures (others)
  A hornet (D:9)
1 creature vanquished.

Grand Total: 205 creatures vanquished

Notes
Turn   | Place    | Note
-------+----------+-------------------------------------------
     0 | D:1      | Woods the Octopode Transmuter began the quest for the Orb.
     0 | D:1      | Reached XP level 1. HP: 13/13 MP: 3/3
    95 | D:1      | Reached skill level 1 in Stealth
    95 | D:1      | Reached XP level 2. HP: 6/18 MP: 1/5
    98 | D:1      | Learned a level 2 spell: Wereblood
  1287 | D:1      | Found a faded altar of an unknown god.
  1287 | D:1      | Noticed an Executioner
  1362 | D:1      | Reached XP level 3. HP: 23/24 MP: 4/6
  1807 | D:2      | Noticed Sigmund
  1815 | D:2      | Learned a level 3 spell: Spider Form
  1832 | D:2      | Killed Sigmund
  1833 | D:2      | Reached skill level 4 in Unarmed Combat
  1833 | D:2      | Reached XP level 4. HP: 19/31 MP: 4/7
  1833 | D:2      | Reached XP level 5. HP: 22/36 MP: 4/8
  1974 | D:2      | Found a hazy altar of Hepliaklqana.
  2685 | D:3      | Got Sif Muna's Tome of Transmutation
  2770 | D:3      | Found a transporter.
  2785 | D:3      | Found a transporter.
  2813 | D:3      | Reached skill level 5 in Unarmed Combat
  3087 | D:4      | Reached XP level 6. HP: 35/42 MP: 6/9
  3397 | D:4      | Found a burning altar of Makhleb.
  3826 | D:4      | Noticed Blork the orc
  3842 | D:4      | Killed Blork the orc
  4289 | D:4      | Reached XP level 7. HP: 43/46 MP: 9/12
  4321 | D:4      | Found a bloodstained altar of Trog.
  4716 | D:5      | Entered Level 5 of the Dungeon
  5713 | D:5      | Reached XP level 8. HP: 52/54 MP: 14/14
  6244 | D:5      | Found a hide-covered altar of Uskayaw.
  6253 | D:5      | Found a glowing silver altar of Zin.
  6926 | D:5      | Learned a level 4 spell: Ice Form
  6929 | D:5      | Learned a level 2 spell: Passwall
  6983 | D:6      | Found a staircase to the Ecumenical Temple.
  7188 | D:6      | Found an opulent altar of Gozag.
  7461 | D:6      | Found a runed translucent door.
  7462 | D:6      | Noticed Crazy Yiuf
  7483 | D:6      | Reached skill level 6 in Unarmed Combat
  7559 | Temple   | Entered the Ecumenical Temple
  7957 | Temple   | Became a worshipper of Dithmenos the Shadowed
  8224 | D:6      | Reached skill level 5 in Fighting
  8249 | D:6      | Noticed Prince Ribbit
  8264 | D:6      | Killed Prince Ribbit
  8265 | D:6      | Reached skill level 5 in Stealth
  8265 | D:6      | Reached skill level 5 in Spellcasting
  8265 | D:6      | Reached XP level 9. HP: 43/61 MP: 8/16
  8490 | D:6      | Reached skill level 7 in Unarmed Combat
  8806 | D:6      | Killed Crazy Yiuf
  8989 | D:7      | Noticed Menkaure
  9436 | D:7      | Killed Menkaure
  9703 | D:7      | Reached skill level 5 in Transmutations
  9708 | D:7      | Noticed a manticore
 10631 | D:7      | Noticed Pikel
 10656 | D:7      | Killed Pikel
 11092 | D:7      | Killed a manticore
 11093 | D:7      | Reached XP level 10. HP: 15/68 MP: 17/19
 11418 | D:7      | Reached skill level 8 in Unarmed Combat
 13674 | D:8      | Found a white marble altar of Elyvilon.
 13713 | D:8      | Reached skill level 9 in Unarmed Combat
 14099 | D:8      | Got the Grimoire of the Fetching Birds
 14476 | D:9      | Noticed Psyche
 14685 | D:9      | Found a staircase to the Lair.
 14727 | D:9      | Found a flagged portal.
 14857 | Bailey   | Entered a bailey
 14888 | Bailey   | Reached * piety under Dithmenos
 15289 | D:9      | Killed Psyche
 15292 | D:9      | Reached skill level 10 in Unarmed Combat
 15461 | D:9      | Noticed a two-headed ogre
 15566 | D:9      | Killed a two-headed ogre
 15567 | D:9      | Reached skill level 5 in Dodging
 15567 | D:9      | Reached XP level 11. HP: 59/77 MP: 15/20
 15727 | D:9      | Found Ciuphis's Magic Scroll Shoppe.
 15730 | D:9      | Bought a scroll of summoning for 114 gold pieces
 15730 | D:9      | Bought a scroll of teleportation for 36 gold pieces
 15730 | D:9      | Bought 2 scrolls of identify for 48 gold pieces
 15730 | D:9      | Bought a scroll of blinking for 90 gold pieces
 15730 | D:9      | Bought a scroll of fear for 42 gold pieces
 15730 | D:9      | Bought a scroll of identify for 24 gold pieces
 15730 | D:9      | Bought a scroll of amnesia for 42 gold pieces
 15891 | D:10     | Entered Level 10 of the Dungeon
 16706 | D:9      | Slain by a wight

Illustrated notes

Levels and vault maps discovered:
D:1:      dpeg_arrival_short_road, layout_basic,
          dreamdust_ecumenical_altar_sealed_demon
D:2:      layout_basic, basic_altar, kennysheep_generic_room_12, uniq_sigmund
D:3:      gammafunk_steamed_eel, layout_basic
D:4:      layout_loops_ring, lemuel_coloured_pillars_altar,
          amcnicky_altar_gilded, serial_glass, glass_columns_b, glass_columns_a,
          glass_columns_a, glass_columns_b, uniq_blork_the_orc
D:5:      layout_basic, mainiacjoe_overflow_swirl
D:6:      layout_loops_cross, grunt_gozag_breadcrumbs,
          minmay_temple_entry_slanted, enter_ossuary_3,
          amcnicky_mini_pool_small, grunt_ministairs_15, uniq_prince_ribbit1,
          uniq_crazy_yiuf_cottage
D:7:      layout_basic, eino_tiny_chamber, st_stairs_2, kennysheep_boxes,
          uniq_pikel, uniq_menkaure
D:8:      layout_basic, lemuel_round_altar
D:9:      layout_basic, dpeg_oklobed_lair, serial_shops, kennysheep_mini_moat,
          enter_bailey_6, uniq_psyche
D:10:     layout_basic, david_orc_3, nicolae_wwwww, glass_columns_b
Temple:   compressed_dpeg_circular_temple

Skill      XL: |  1  2  3  4  5  6  7  8  9 10 |
---------------+-------------------------------+-----
Stealth        | 1 3 5 7 8 |  8.9
Fighting       | 3 5 6 8 |  8.0
Unarmed Combat | 4 5 6 7 10 | 10.0
Spellcasting   | 3 4 5 6 |  6.0
Transmutations | 3 4 6 |  6.0
Dodging        | 4 5 |  5.5

Action                   |  1- 3 |  4- 6 |  7- 9 | 10-12 || total
-------------------------+-------+-------+-------+-------++-------
Melee: Unarmed           |    70 |    98 |   319 |   286 ||   773
       Kick              |    11 |    20 |    14 |       ||    45
       Constrict         |    15 |    22 |    14 |     3 ||    54
       Tentacles         |     7 |    14 |    19 |     5 ||    45
       Punch             |     3 |     4 |     4 |     1 ||    12
 Cast: Beastly Appendage |    12 |    21 |    10 |       ||    43
       Spider Form       |     1 |     4 |    40 |    31 ||    76
       Wereblood         |       |     3 |       |     5 ||     8
       Passwall          |       |       |     4 |     2 ||     6
       Ice Form          |       |       |     1 |       ||     1
 Abil: End Transformatio |       |       |       |     3 ||     3
  Use: Scroll            |       |       |     7 |    16 ||    23
       Potion            |       |       |     1 |     4 ||     5
 Stab: Sleeping          |     2 |     5 |     8 |     1 ||    16
       Invisible         |       |       |       |     2 ||     2
Armor: Skin              |     5 |     4 |     6 |    11 ||    26
Dodge: Dodged            |    34 |    85 |   340 |   327 ||   786
Block: Other             |       |       |       |    61 ||    61
       Reflection        |       |       |       |     1 ||     1

Table legend: (Time is in decaauts)
 A = Elapsed time spent in this place.
 B = Non-inter-level travel time spent in this place.
 C = Inter-level travel time spent in this place.
 D = Time resting spent in this place.
 E = Time spent auto-exploring this place.
 F = Levels seen in this place.
 G = Mean time per level.
                   A        B        C        D        E       F      G
               +--------+--------+--------+--------+--------+-----+--------+
         Total |  16638 |  16024 |    614 |   6629 |   6043 |  12 | 1386.5 |
       Dungeon |  16428 |  15835 |    593 |   6629 |   5969 |  10 | 1642.8 |
        Temple |    166 |    146 |     20 |      0 |     74 |   1 |  166.0 |
        Bailey |     43 |     43 |      0 |      0 |      0 |   1 |   43.0 |
               +--------+--------+--------+--------+--------+-----+--------+

Top non-repeatable levels by time:
     D:7: 3083 daAuts
     D:6: 2785 daAuts
     D:5: 1902 daAuts
     D:9: 1752 daAuts
     D:4: 1739 daAuts
     D:8: 1508 daAuts
     D:1: 1453 daAuts
     D:2: 937 daAuts
     D:3: 886 daAuts
    D:10: 379 daAuts
  Temple: 166 daAuts
  Bailey: 43 daAuts
